 Dungeon Crawl Stone Soup version 0.29.1-12-g30fa7ad0bf (webtiles) character file.

Game seed: 13771075312348868521

5 Brandom the Grasshopper (level 1, 0/17 HPs)
             Began as a Palentonga Warper on Dec 13, 2022.
             Slain by a hobgoblin (1 damage)
             ... on level 2 of the Dungeon.
             The game lasted 00:01:09 (498 turns).

Brandom the Grasshopper (Palentonga Warper)          Turns: 498, Time: 00:01:10

Health: 0/17       AC:  4    Str: 16    XL:     1   Next: 66%
Magic:  3/3        EV:  9    Int: 13    God:
Gold:   14         SH:  0    Dex:  9    Spells: 4/4 levels left

rFire   . . .      SeeInvis +   a - +0 falchion
rCold   . . .      Faith    .   (no shield)
rNeg    . . .      Spirit   .   b - +0 leather armour
rPois   .          Reflect  .   (no helmet)
rElec   .          Harm     .   (no cloak)
rCorr   .          Rampage  .   (no gloves)
Will    .....                   (no barding)
Stlth   +.........              (no amulet)
HPRegen 0.05/turn               (no ring)
MPRegen 0.08/turn               (no ring)

@: no status effects
A: large, rugged brown scales 3, see invisible, deformed body, roll 1, armoured
tail
a: Rolling Charge


You were on level 2 of the Dungeon.
You visited 1 branch of the dungeon, and saw 2 of its levels.

You collected 14 gold pieces.

Inventory:

Hand Weapons
 a - a +0 falchion (weapon)
Missiles
 d - 7 boomerangs of dispersal (quivered)
 h - 3 boomerangs
Armour
 b - a +0 leather armour (worn)
Scrolls
 c - a scroll of blinking
 e - 2 scrolls of butterflies
 f - 2 scrolls of identify {unknown}
Potions
 g - a potion of curing {unknown}


   Skills:
 + Level 2.2 Fighting
 + Level 2.0 Long Blades
 - Level 0.6 Throwing
 + Level 0.7 Armour
 + Level 1.5 Dodging
 - Level 2.0 Spellcasting
 + Level 3.1 Translocations


You had 4 spell levels left.
You didn't know any spells.
Your spell library contained the following spells:

 Spells                   Type           Power      Damage    Failure   Level
 Blink                    Tloc           18%        N/A       13%         2
 Gell's Gravitas          Tloc           9%         N/A       26%         3
 Lesser Beckoning         Tloc           9%         N/A       26%         3
 Teleport Other           Tloc           9%         N/A       26%         3
 Manifold Assault         Tloc           9%         N/A       94%         5


Dungeon Overview and Level Annotations

Branches:
Dungeon (2/15)

Altars:


Innate Abilities, Weirdness & Mutations

You are completely covered in rugged brown scales. (AC +3, +7% HP)
You have supernaturally acute eyesight. (SInv)
Armour fits poorly on your strangely shaped body.
You can roll at nearby foes to attack.
You have a long armoured tail.


Message History

The helpless endoplasm fails to defend itself.
You hit the endoplasm.
The endoplasm is heavily wounded.
The endoplasm freezes you.
You are frozen.
You hit the endoplasm.
Your tail-slap misses the endoplasm.
The endoplasm is almost dead.
The endoplasm hits you but does no damage.
You hit the endoplasm.
You kill the endoplasm!
No target in view!
There is a stone staircase leading up here.
As you read the scroll labelled NUINNAIH RIDAM, it crumbles to dust.
You hear the tinkle of a tiny bell.
It was a scroll of butterflies.
Your butterfly disappears in a burst of colours!
Your butterfly disappears in a burst of colours!
Your butterfly disappears in a burst of colours!
Your butterfly disappears in a burst of colours!
HP restored.
f - 2 scrolls labelled KECUMP CYNWUS (gained 1)
A worm comes into view.
A hobgoblin comes into view.
A rat comes into view.
The worm bites you!
You hit the worm. You tail-slap the worm.
The worm is heavily wounded.
The hobgoblin closely misses you.
You hit the worm.
The worm is severely wounded.
The hobgoblin barely misses you. The worm barely misses you.
The hobgoblin closely misses you.
You hit the worm.
The worm is severely wounded.
The worm bites you!
Ouch! That really hurt!
* * * LOW HITPOINT WARNING * * *
The hobgoblin hits you but does no damage.
Unknown command.
The hobgoblin attacks as you move away! The hobgoblin hits you.
You die...

.#######<#
...######.####
.............#
.......#####.#
#.#.... #.#
....... #.#
.....r. #.#
......g#####.#
#...w@.....#
.....#..#.####
#.# #..#.#
#....# #..###
#..# #..# ...#


You could see a worm, a hobgoblin and a rat.

Vanquished Creatures
  An endoplasm (D:2)
  A goblin (D:1)
  A ball python (D:1)
  2 bats (D:1)
  A kobold (D:1)
6 creatures vanquished.

Notes
Turn   | Place    | Note
-------+----------+-------------------------------------------
     0 | D:1      | Brandom the Palentonga Warper began the quest for the Orb.
     0 | D:1      | Reached XP level 1. HP: 17/17 MP: 3/3
   498 | D:2      | Slain by a hobgoblin

Illustrated notes

Levels and vault maps discovered:
D:1:      saegor_arrival_simple_b, layout_rooms, supply_closet_lemuel
D:2:      layout_loops_ring, basic_altar, nicolae_figureground_sparkle

Action                   || total
-------------------------++-------
Melee: Falchion          ||    18
       Tailslap          ||     2
  Use: Scroll            ||     1
 Stab: Sleeping          ||     1
Armor: Leather armour    ||     8
Dodge: Dodged            ||    10
